 Dungeon Crawl Stone Soup version 0.27.1-34-g3ba077fa99 (webtiles) character file.

Game seed: 13756626154091601022

52 hawla the Grave Robber (level 3, -4/19 HPs)
             Began as a Deep Elf Necromancer on Jan 1, 2022.
             Splashed by a jelly's acid (9 damage)
             ... on level 2 of the Dungeon.
             The game lasted 00:05:09 (2229 turns).

hawla the Grave Robber (Deep Elf Necromancer)       Turns: 2229, Time: 00:05:09

Health: -4/19      AC:  4    Str:  6    XL:     3   Next: 60%
Magic:  9/10       EV: 12    Int: 19    God:
Gold:   55         SH:  0    Dex: 15    Spells: 6/10 levels left

rFire    . . .     SeeInvis .   b - +0 short sword
rCold    . . .     Faith    .   (no shield)
rNeg     . . .     Spirit   .   a - +0 robe
rPois    .         Reflect  .   c - +1 helmet
rElec    .         Harm     .   (no cloak)
rCorr    .         Rampage  .   (no gloves)
Will     .....                  (no boots)
Stlth    ++........             (no amulet)
HPRegen  0.06/turn              (no ring)
MPRegen  0.12/turn              (no ring)

@: no status effects
A: no striking features
a: no special abilities


You were on level 2 of the Dungeon.
You visited 1 branch of the dungeon, and saw 2 of its levels.

You collected 55 gold pieces.

Inventory:

Hand Weapons
 b - a +0 short sword (weapon)
Armour
 a - a +0 robe (worn)
 c - a +1 helmet (worn)
Scrolls
 d - a scroll of identify {unknown}
Potions
 e - a potion of curing {unknown}
 f - a potion of lignification {unknown}


   Skills:
 + Level 0.2 Fighting
 + Level 0.3 Short Blades
 + Level 2.5 Dodging
 + Level 2.6 Stealth
 - Level 4.0 Spellcasting
 + Level 5.7 Necromancy


You had 6 spell levels left.
You knew the following spells:

 Your Spells              Type           Power      Damage    Failure   Level
a - Pain                  Necr           100%       1d9       1%          1
b - Vampiric Draining     Necr           12%        2d7       4%          3

Your spell library contained the following spells:

 Spells                   Type           Power      Damage    Failure   Level
 Animate Skeleton         Necr           50%        N/A       1%          1
 Animate Dead             Necr           12%        N/A       13%         4
 Foxfire                  Conj/Fire      12%        2x1d4     14%         1
 Agony                    Necr           25%        N/A       36%         5
 Conjure Flame            Conj/Fire      3%         6-21      38%         3
 Inner Flame              Hex/Fire       3%         N/A       38%         3


Dungeon Overview and Level Annotations

Branches:
Dungeon (2/15)

Altars:


Message History

There is an open door here.
Items here: )) ÷÷.
A kobold is nearby!
You see here a +1 helmet.
Casting: Pain (safe; 1% risk of failure)
Confirm with . or Enter, or press ? or * to list all spells.
Aiming: Pain (safe; 1% risk of failure)
Press: ? - help, Shift-Dir - straight line, f - kobold
Aim: a kobold, wielding a +0 club (chance to affect: 93%)
The kobold writhes in agony!
You kill the kobold!
You start putting on your armour.
You continue putting on your +1 helmet. x4
You finish putting on your +1 helmet.
Items here: )) ÷÷.
You see here a +0 club.
There is an open door here.
You open the door. 2 endoplasms come into view.
The endoplasm moves out of view.
Found a hobgoblin skeleton. 4 endoplasms and 2 jellies come into view.
Found five items.
The jelly quivers.
The endoplasm quivers.
There is an open door here.
Casting: Pain (safe; 1% risk of failure)
Confirm with . or Enter, or press ? or * to list all spells.
Aiming: Pain (safe; 1% risk of failure)
Press: ? - help, Shift-Dir - straight line, f - endoplasm
Aim: an endoplasm (wandering, hasn't noticed you, chance to affect: 93%)
The endoplasm writhes in agony!
You kill the endoplasm!
The endoplasm quivers.
The endoplasm quivers.
You barely miss the jelly. The jelly hits you.
You are splashed with acid.
You hit the jelly.
Your hands burn!
The jelly is moderately wounded.
The jelly hits you.
* * * LOW HITPOINT WARNING * * *
You are splashed with acid!
You die...

### #######.##÷÷...$#
#########....#.#.#÷...P.#
......##.....#.#.#......#
####..'...)..#'#.#....J.#
####..'...)..).#.#..J...#
...##.'.....[..#.#JJP÷P.#
#..##.##.......#@#.J..J÷#
#..######......##JJ..P..#
#..# ##########....÷.#
#..# ####### ...# ...#
#.## #.# #.#


You could see 2 jellies.

Vanquished Creatures
  A worm (D:2)
  A dart slug (D:1)
  2 ball pythons (D:1)
  2 endoplasms
  2 giant cockroaches (D:1)
  3 goblins (D:1)
  3 hobgoblins
  6 jackals (D:1)
  9 kobolds
  3 quokkas (D:1)
  4 bats (D:1)
  2 frilled lizards (D:1)
  3 rats (D:1)
41 creatures vanquished.

Vanquished Creatures (others)
  3 fungi (D:2)
  23 plants (D:1)
  9 toadstools (D:2)
35 creatures vanquished.

Grand Total: 76 creatures vanquished

Notes
Turn   | Place    | Note
-------+----------+-------------------------------------------
     0 | D:1      | hawla the Deep Elf Necromancer began the quest for the Orb.
     0 | D:1      | Reached XP level 1. HP: 10/10 MP: 6/6
   112 | D:1      | Reached skill level 5 in Necromancy
   253 | D:1      | Reached XP level 2. HP: 11/15 MP: 4/8
  1275 | D:1      | Reached XP level 3. HP: 15/19 MP: 6/10
  1417 | D:1      | Learned a level 3 spell: Vampiric Draining
  2229 | D:2      | Splashed by a jelly's acid

Illustrated notes

Levels and vault maps discovered:
D:1:      roderic_crop_circles_arrival_small, layout_basic
D:2:      cheibrodos_fertilizer, layout_loops_cross,
          shapermc_ecumenical_altar_hornbeckon, grunt_ministairs_9, uniq_jessica

Skill      XL: |  1  2  3 |
---------------+----------+-----
Necromancy     | 5 |  5.7
Spellcasting   | 4 |  4.0
Fighting       | |  0.2
Short Blades   | |  0.3
Dodging        | |  2.5
Stealth        | |  2.6

Action                   || total
-------------------------++-------
Melee: Short sword       ||     3
 Cast: Pain              ||    70
  Use: Potion            ||     1
 Stab: Sleeping          ||     1
Armor: Robe              ||    11
Dodge: Dodged            ||    22
